 Dungeon Crawl Stone Soup version 0.27.1-33-g824d729ab1 (webtiles) character file.

Game seed: 13610158644991330314

343 DearestLeader the Spear-Bearer (level 6, -2/47 HPs)
             Began as a Gnoll Wanderer on Dec 21, 2021.
             Slain by a river rat (5 damage)
             ... summoned by Eustachio
             ... on level 4 of the Dungeon.
             The game lasted 00:07:01 (3904 turns).

DearestLeader the Spear-Bearer (Gnoll Wanderer)     Turns: 3904, Time: 00:07:01

Health: -2/47      AC:  8    Str: 13    XL:     6   Next: 57%
Magic:  9/9        EV: 12    Int: 12    God:
Gold:   21         SH:  0    Dex: 11    Spells: 9/9 levels left

rFire    . . .     SeeInvis .   q - +3 short sword (elec)
rCold    . . .     Faith    .   (no shield)
rNeg     . . .     Spirit   .   B - +0 ring mail
rPois    .         Reflect  .   c - +0 helmet
rElec    .         Harm     .   (no cloak)
rCorr    +         Rampage  .   k - +1 pair of gloves
Will     .....                  (no boots)
Stlth    +.........             (no amulet)
HPRegen  0.15/turn              o - ring of resist corrosion
MPRegen  0.11/turn              (no ring)

@: no status effects
A: fangs 1, strong nose, distributed training
a: no special abilities


You were on level 4 of the Dungeon.
You visited 1 branch of the dungeon, and saw 4 of its levels.

You collected 183 gold pieces.
You spent 162 gold pieces at shops.

Inventory:

Hand Weapons
 d - a +0 spear
 q - a +3 short sword of electrocution (weapon)
 s - a +2 long sword of flaming
 y - a +2 vorpal hand crossbow
Missiles
 b - 4 curare-tipped darts (quivered)
 A - 15 bolts
Armour
 c - a +0 helmet (worn)
 f - a +0 kite shield
 k - a +1 pair of gloves (worn)
 B - a +0 ring mail (worn)
Jewellery
 o - a ring of resist corrosion (left hand)
 x - a ring of fire
Scrolls
 e - a scroll of magic mapping
 i - a scroll of blinking
 j - 4 scrolls of teleportation
Potions
 a - 2 potions of curing
 g - a potion of brilliance {unknown}
 h - 2 potions of attraction {unknown}
 l - a potion of ambrosia {unknown}
 m - a potion of flight {unknown}
 n - a potion of lignification {unknown}
 p - 2 potions of magic {unknown}
 t - a potion of degeneration {unknown}
 v - a potion of heal wounds {unknown}
 w - a potion of mutation {unknown}
 z - a potion of berserk rage {unknown}


   Skills:
 + Level 3.3 Fighting
 + Level 2.0 Short Blades
 + Level 2.0 Long Blades
 + Level 2.0 Axes
 + Level 2.0 Maces & Flails
 + Level 8.8 Polearms
 + Level 3.3 Staves
 + Level 2.0 Slings
 + Level 2.0 Bows
 + Level 2.0 Crossbows
 + Level 3.3 Throwing
 + Level 2.0 Armour
 + Level 5.0 Dodging
 + Level 2.0 Stealth
 + Level 3.3 Shields
 + Level 2.0 Unarmed Combat
 + Level 2.0 Spellcasting
 + Level 1.6 Conjurations
 + Level 1.6 Hexes
 + Level 1.6 Summonings
 + Level 1.6 Necromancy
 + Level 1.6 Translocations
 + Level 1.6 Transmutations
 + Level 1.6 Fire Magic
 + Level 1.6 Ice Magic
 + Level 1.6 Air Magic
 + Level 1.6 Earth Magic
 + Level 1.6 Poison Magic
 + Level 2.2 Invocations
 + Level 2.0 Evocations


You had 9 spell levels left.
You didn't know any spells.
Your spell library was empty.

Dungeon Overview and Level Annotations

Branches:
Dungeon (4/15)
 Temple: D:4-7

Altars:

Shops:
D:4 !?

Annotations:
D:4 Eustachio


Innate Abilities, Weirdness & Mutations

You have very sharp teeth.
Your uncanny sense of smell can sniff out nearby items.
Your experience applies equally to all skills.


Message History

You feel sick. Eustachio hits you but does no damage.
You feel sick. The shadow imp puffs mist at you.
You feel sick.
You feel sick.
You are no longer poisoned.
The shadow imp laughs crazily.
The steam dragon breathes steam at you. The ball of steam hits you!
The adder is engulfed in a cloud of scalding steam.
The ufetubus disappears in a puff of smoke!
Eustachio casts a spell.
Eustachio gestures wildly while chanting.
The iron imp disappears in a puff of smoke!
The rat completely misses you. The bat barely misses you.
The steam dragon breathes steam at you.
The ball of steam hits the rat!
The rat dies!
The rat's corpse disappears in a puff of smoke!
The ball of steam hits you!
* * * LOW HITPOINT WARNING * * *
You are engulfed in a cloud of scalding steam.
The bat is engulfed in a cloud of scalding steam.
The bat dies!
The bat's corpse disappears in a puff of smoke!
The shadow imp gestures at you. Pain shoots through your body!
* * * LOW HITPOINT WARNING * * *
The shadow imp disappears in a puff of smoke!
You barely miss the river rat. The river rat closely misses you.
Eustachio closely misses you. The river rat bites you.
* * * LOW HITPOINT WARNING * * *
The river rat closely misses you.
The river rat bites you but does no damage.
Eustachio casts a spell.
There is an escape hatch in the ceiling here.
The river rat bites you.
You die...

.............# #..............
######.#########......##.#....
#.............+......+.......
#.#.†.######.##......##.#####
#.##.##...#####.####+#+# #.#
#.. #.##.##...........#
#.###.. #.##.##.#.#..@..#.
#.##... ##.#........5DSr.#
#.####P #..##.##.#...###@# #.#
## #..##.##.#...# #.#.# .# #.#
#.....##.#...# #.#.# .#
.∩....##.#...# #.#.# .#
..##.....#...# #.#.# .#
..##.........# #.#.# .#
...#..##..#§§# #.#.# .#
##.#..##..#..###.#.##.#.#
...#....................#


You could see Eustachio, a steam dragon, a crimson imp (summoned), an adder and
a river rat (summoned).

Vanquished Creatures
  An ogre (D:4)
  A scorpion (D:3)
  A howler monkey (D:4)
  An iguana (D:4)
  Robin (D:3)
  3 adders
  2 dart slugs
  5 orcs
  3 endoplasms
  8 giant cockroaches
  16 goblins
  8 hobgoblins
  6 jackals
  3 quokkas
  3 ball pythons (D:1)
  2 bats
  9 frilled lizards
  6 kobolds
  5 rats
84 creatures vanquished.

Vanquished Creatures (others)
  2 demonic plants (D:2)
  8 plants (D:4)
10 creatures vanquished.

Grand Total: 94 creatures vanquished

Notes
Turn   | Place    | Note
-------+----------+-------------------------------------------
     0 | D:1      | DearestLeader the Gnoll Wanderer began the quest for the
                  | Orb.
     0 | D:1      | DearestLeader set off with the following items: a +2
                  | dagger, 4 curare-tipped darts, a +0 quarterstaff, a +0
                  | spear, a +0 robe
     0 | D:1      | Reached XP level 1. HP: 17/17 MP: 1/1
   173 | D:1      | Reached XP level 2. HP: 21/23 MP: 2/2
  1005 | D:2      | Reached XP level 3. HP: 28/28 MP: 3/3
  1386 | D:2      | Reached skill level 1 in Invocations
  1607 | D:2      | Found a faded altar of an unknown god.
  1607 | D:2      | Noticed a balrug
  1801 | D:3      | Noticed a scorpion
  1808 | D:3      | Killed a scorpion
  1809 | D:3      | Reached skill level 1 in Short Blades
  1809 | D:3      | Reached skill level 1 in Long Blades
  1809 | D:3      | Reached skill level 1 in Axes
  1809 | D:3      | Reached skill level 1 in Maces & Flails
  1809 | D:3      | Reached skill level 1 in Slings
  1809 | D:3      | Reached skill level 1 in Bows
  1809 | D:3      | Reached skill level 1 in Crossbows
  1809 | D:3      | Reached skill level 1 in Armour
  1809 | D:3      | Reached skill level 1 in Stealth
  1809 | D:3      | Reached skill level 1 in Unarmed Combat
  1809 | D:3      | Reached skill level 1 in Spellcasting
  1809 | D:3      | Reached skill level 1 in Conjurations
  1809 | D:3      | Reached skill level 1 in Hexes
  1809 | D:3      | Reached skill level 1 in Summonings
  1809 | D:3      | Reached skill level 1 in Necromancy
  1809 | D:3      | Reached skill level 1 in Translocations
  1809 | D:3      | Reached skill level 1 in Transmutations
  1809 | D:3      | Reached skill level 1 in Fire Magic
  1809 | D:3      | Reached skill level 1 in Ice Magic
  1809 | D:3      | Reached skill level 1 in Air Magic
  1809 | D:3      | Reached skill level 1 in Earth Magic
  1809 | D:3      | Reached skill level 1 in Poison Magic
  1809 | D:3      | Reached skill level 1 in Evocations
  1809 | D:3      | Reached XP level 4. HP: 20/34 MP: 5/5
  2067 | D:3      | Reached XP level 5. HP: 38/40 MP: 6/6
  2241 | D:3      | Noticed Robin
  2520 | D:3      | Killed Robin
  3551 | D:4      | Found Uleruk's Magic Scroll Shoppe.
  3561 | D:4      | Bought a scroll of magic mapping for 42 gold pieces
  3561 | D:4      | Bought a scroll of blinking for 90 gold pieces
  3725 | D:4      | Reached XP level 6. HP: 47/47 MP: 8/8
  3755 | D:4      | Found Niruguclee's Distillery.
  3761 | D:4      | Bought a potion of curing for 30 gold pieces
  3821 | D:4      | Reached skill level 5 in Dodging
  3868 | D:4      | Noticed a steam dragon
  3869 | D:4      | Noticed Eustachio
  3899 | D:4      | HP: 2/47 [river rat[Eustachio] (4)]
  3904 | D:4      | Slain by a river rat

Illustrated notes

Levels and vault maps discovered:
D:1:      minmay_arrival_semitransparent, layout_basic
D:2:      layout_basic, dreamdust_ecumenical_altar_sealed_demon,
          hangedman_abyss_or_decor_stabs
D:3:      layout_basic, serial_aquarium, aquarium_bridge_straight
          [aquarium_subvault_bridge, aquarium_subvault_wall,
          aquarium_subvault_bridge, aquarium_subvault_balcony],
          aquarium_bridge_long_joined [aquarium_subvault_bridge,
          aquarium_subvault_wall, aquarium_subvault_bridge,
          aquarium_subvault_wall, aquarium_subvault_wall,
          aquarium_subvault_wall], aquarium_window_corridor_1,
          aquarium_window_fake, aquarium_window_1, aquarium_window_1,
          aquarium_view_2b, aquarium_balcony_3a, aquarium_pool_corner,
          uniq_robin
D:4:      layout_basic, minmay_temple_entry_poolview, serial_shops,
          shop_fountains, nicolae_square_shop, minmay_lizard_king,
          uniq_eustachio

Skill      XL: |  1  2  3  4  5  6 |
---------------+-------------------+-----
Invocations    | 1 2 |  2.2
Short Blades   | 1 2 |  2.0
Long Blades    | 1 2 |  2.0
Axes           | 1 2 |  2.0
Maces & Flails | 1 2 |  2.0
Slings         | 1 2 |  2.0
Bows           | 1 2 |  2.0
Crossbows      | 1 2 |  2.0
Armour         | 1 2 |  2.0
Stealth        | 1 2 |  2.0
Unarmed Combat | 1 2 |  2.0
Spellcasting   | 1 2 |  2.0
Conjurations   | 1 |  1.6
Hexes          | 1 |  1.6
Summonings     | 1 |  1.6
Necromancy     | 1 |  1.6
Translocations | 1 |  1.6
Transmutations | 1 |  1.6
Fire Magic     | 1 |  1.6
Ice Magic      | 1 |  1.6
Air Magic      | 1 |  1.6
Earth Magic    | 1 |  1.6
Poison Magic   | 1 |  1.6
Evocations     | 1 2 |  2.0
Fighting       | 3 |  3.3
Staves         | 3 |  3.3
Throwing       | 3 |  3.3
Shields        | 3 |  3.3
Dodging        | 5 |  5.0
Polearms       | |  8.8

Action                   |  1- 3 |  4- 6 || total
-------------------------+-------+-------++-------
Melee: Spear             |    97 |       ||    97
       Bite              |     9 |     3 ||    12
       Short sword       |    19 |   119 ||   138
 Fire: Hand crossbow     |       |    10 ||    10
  Use: Scroll            |       |     4 ||     4
 Stab: Sleeping          |     2 |     1 ||     3
Armor: Robe              |     6 |       ||     6
       Leather armour    |     5 |    23 ||    28
       Ring mail         |       |    22 ||    22
Dodge: Dodged            |    48 |    88 ||   136
